 Dungeon Crawl Stone Soup version 0.17.1-3-g152610e (webtiles) character file.

394 juanjsm the Sneak (level 6, -4/30 HPs)
             Began as a Spriggan Enchanter on Mar 21, 2016.
             Slain by an iron imp (5 damage)
             ... summoned by an apprentice kobold demonologist
             ... in a sewer.
             The game lasted 00:22:16 (3044 turns).

juanjsm the Sneak (Spriggan Enchanter)              Turns: 3044, Time: 00:22:17

Health: -4/30      AC:  4    Str:  9    XL:     6   Next: 51%
Magic:  0/14       EV: 27    Int: 18    God:
Gold:   88         SH:  0    Dex: 22    Spells: 4 memorised, 5 levels left

rFire  . . .     SeeInvis +     a - +1 dagger
rCold  . . .     Clarity  .     b - +1 robe
rNeg   . . .     SustAt   .     (shield restricted)
rPois  .         Gourm    .     (helmet restricted)
rElec  .         Spirit   .     s - +0 cloak
rCorr  .         Warding  .     (gloves unavailable)
rMut   .         Stasis   .     (boots unavailable)
MR     +....                    (no amulet)
Stlth  ++++++....               (no ring)
                                v - ring of stealth

@: mighty, agile, flying, very slightly contaminated, very quick, somewhat
resistant to hostile enchantments, very stealthy
A: unfitting armour, see invisible, herbivore 3, speed 3, slow metabolism 2
a: no special abilities


You were in a sewer.
You were not hungry.

You visited 1 branch of the dungeon, and saw 3 of its levels.
You also visited: Sewer.

You collected 88 gold pieces.

Inventory:

Hand Weapons
 a - a +1 dagger (weapon)
Armour
 b - a +1 robe (worn)
 s - a +0 cloak (worn)
Jewellery
 v - a ring of stealth (left hand)
Scrolls
 e - 3 scrolls of amnesia {unknown}
 g - 2 scrolls of fear {unknown}
 h - 2 scrolls of recharging {unknown}
 i - 3 scrolls of identify {unknown}
 m - a scroll of teleportation {unknown}
 p - a scroll of magic mapping {unknown}
 q - a scroll of blinking {unknown}
Potions
 f - 2 potions of flight
 k - a potion of curing {unknown}
 l - a potion of beneficial mutation {unknown}
 n - a potion of agility
 o - a potion of heal wounds {unknown}
 r - a potion of resistance {unknown}
 t - a potion of might
 u - a potion of invisibility {unknown}
Books
 c - a book of Maledictions

   Spells                             Type                      Level
   a - Corona                         Hexes                        1
   b - Ensorcelled Hibernation        Hexes/Ice                    2
   c - Confuse                        Hexes                        3
   d - Tukima's Dance                 Hexes                        3
   e - Dazzling Spray                 Conjuration/Hexes            3
Comestibles
 d - 3 bread rations


   Skills:
 * Level 1.4 Fighting
 * Level 2.1 Short Blades
 * Level 4.9 Dodging
 * Level 6.0 Stealth
 * Level 4.8 Spellcasting
 * Level 5.3 Hexes
 + Level 0.2 Ice Magic


You had 5 spell levels left.
You knew the following spells:

 Your Spells              Type           Power        Failure   Level  Hunger
a - Corona                Hex            ###....      1%          1    None
b - Ensorcelled Hibernat  Hex/Ice        ##....       8%          2    #......
c - Confuse               Hex            ###.....     4%          3    ###....
d - Dazzling Spray        Conj/Hex       ##......     17%         3    ###....


Dungeon Overview and Level Annotations

Branches:
Dungeon (3/15)

Altars:
Dithmenos
Fedhas
Okawaru


Innate Abilities, Weirdness & Mutations

You are tiny and cannot use many weapons and most armour.
You have supernaturally acute eyesight.
You are a herbivore.
You cover ground extremely quickly.
You need consume almost no food.


Message History

Aiming: Dazzling Spray
Press: ? - help, Shift-Dir - straight line, f/p - apprentice kobold demonologist
Aim: an apprentice kobold demonologist, wielding a dagger and wearing a runed robe (heavily wounded)
You miscast Dazzling Spray.
You are very lightly contaminated with residual magic.
Nothing appears to happen.
The apprentice kobold demonologist looks braver for a moment.
The iron imp completely misses you. The shadow imp hits you.
* * * LOW HITPOINT WARNING * * *
The iron imp misses you.
You barely miss the apprentice kobold demonologist.
The apprentice kobold demonologist is heavily wounded.
The apprentice kobold demonologist completely misses you.
You closely miss the apprentice kobold demonologist.
The apprentice kobold demonologist is heavily wounded.
The shadow imp gestures at you. Pain shoots through your body!
* * * LOW HITPOINT WARNING * * *
The iron imp hits you.
You die...

##...## #.....#
#.≈≈≈.# #.....#
##'''## #######...##
###).(##.§.§.##
###5..≈.'.......+
#K@5..≈.'.§._.§.+
###5..≈.'.......+
###...##.)§..##
#######)..##
#############'######
#≈≈.#≈≈≈≈≈≈#().#≈≈≈≈
#≈....≈≈≈≈≈.(.(.≈≈≈≈
#≈≈.#......#.≈≈#....
##.##'#######≈######


You could see an apprentice kobold demonologist, 2 iron imps and a shadow imp.

Vanquished Creatures
  Grinder (Sewer)
  Natasha (thrice) (D:2)
  5 adders
  5 shadow imps (Sewer)
  3 ufetubi (Sewer)
  A worm (D:2)
  2 giant geckos
  2 ball pythons
  4 bats
  5 giant cockroaches
  6 goblins
  11 hobgoblins
  2 jackals (D:2)
  18 kobolds
  2 quokkas
  A giant newt (D:1)
  7 rats
78 creatures vanquished.

Vanquished Creatures (others)
  An ufetubus (Sewer)
  2 giant cockroaches (Sewer)
  A kobold zombie (Sewer)
4 creatures vanquished.

Grand Total: 82 creatures vanquished

Notes
Turn   | Place    | Note
--------------------------------------------------------------
     0 | D:1      | juanjsm the Spriggan Enchanter began the quest for the Orb.
     0 | D:1      | Reached XP level 1. HP: 9/9 MP: 5/5
   375 | D:1      | Reached XP level 2. HP: 11/13 MP: 6/6
   379 | D:1      | Learned a level 2 spell: Ensorcelled Hibernation
   988 | D:2      | Noticed Natasha
  1072 | D:2      | Reached XP level 3. HP: 16/16 MP: 8/8
  1112 | D:2      | Learned a level 3 spell: Confuse
  1233 | D:1      | Reached skill level 5 in Stealth
  1740 | D:2      | Reached XP level 4. HP: 21/21 MP: 10/10
  1749 | D:2      | Found an iron altar of Okawaru.
  1829 | D:2      | Killed Natasha
  1928 | D:2      | Noticed Natasha
  1944 | D:2      | Killed Natasha
  1948 | D:2      | Noticed Natasha
  2133 | D:2      | Killed Natasha
  2216 | D:2      | Found a blossoming altar of Fedhas.
  2290 | D:3      | Learned a level 3 spell: Dazzling Spray
  2304 | D:3      | Found a shadowy altar of Dithmenos.
  2357 | D:3      | Found a glowing drain.
  2377 | D:3      | Reached XP level 5. HP: 23/25 MP: 6/11
  2380 | Sewer    | Entered a sewer
  2572 | Sewer    | Reached skill level 1 in Fighting
  2573 | Sewer    | Reached skill level 5 in Hexes
  2688 | Sewer    | Found a burning altar of Makhleb.
  2860 | Sewer    | Noticed Grinder
  2861 | Sewer    | Paralysed by Grinder for 3 turns
  2896 | Sewer    | Killed Grinder
  2896 | Sewer    | Reached skill level 6 in Stealth
  2896 | Sewer    | Reached XP level 6. HP: 21/30 MP: 1/14
  2995 | Sewer    | Noticed an apprentice kobold demonologist
  3044 | Sewer    | HP: 1/30 [shadow imp/nerve-wracking pain[an apprentice kobold demonologist] (5)]
  3044 | Sewer    | Slain by an iron imp

Action                   |  1- 3 |  4- 6 || total
-------------------------+-------+-------++-------
Melee: Dagger            |    90 |   161 ||   251
 Cast: Corona            |    13 |     1 ||    14
       Ensorcelled Hiber |    15 |    13 ||    28
       Confuse           |     1 |    22 ||    23
  Use: Potion            |       |     3 ||     3
 Stab: Sleeping          |    24 |     9 ||    33
       Confused          |       |     6 ||     6
  Eat: Fruit             |       |     3 ||     3
